 Dungeon Crawl Stone Soup version 0.31-a0-1204-ge2c1a860ed (webtiles) character file.

Game seed: 8416719275142516841

235 BubbleThief the Grave Robber (level 5, -1/35 HPs)
             Began as a Demonspawn Necromancer on Dec 12, 2023.
             Slain by an orc
             ... wielding a +0 mace
              (2 damage)
             ... on level 3 of the Dungeon.
             The game lasted 00:03:13 (1706 turns).

BubbleThief the Grave Robber (DsNe)                 Turns: 1706, Time: 00:03:13

Health: -1/35      AC:  2    Str:  9    XL:     5   Next: 76%
Magic:  9/10       EV: 12    Int: 17    God:
Gold:   88         SH:  0    Dex: 13    Spells: 10/11 levels left

rFire   . . .        (no weapon)
rCold   . . .        (no shield)
rNeg    . . .        a - +0 robe
rPois   .            (no helmet)
rElec   .            (no cloak)
rCorr   .            (no gloves)
SInv    .            (no boots)
Will    .....        (no amulet)
Stlth   ++           (no ring)
HPRegen 0.25/turn    (no ring)
MPRegen 0.12/turn

%: no passive effects
@: no status effects
A: foul stench 1, weakness stinger 1
a: no special abilities


You were on level 3 of the Dungeon.
You visited 1 branch of the dungeon, and saw 3 of its levels.

You collected 88 gold pieces.

Inventory:

Armour
 a - a +0 robe (worn)
Jewellery
 c - a ring of ice
Scrolls
 d - 6 scrolls of identify {unknown}
 e - a scroll of poison {unknown}
 f - 2 scrolls of silence {unknown}
 i - a scroll of fog {unknown}
 j - a scroll of summoning {unknown}
 k - a scroll of blinking {unknown}
Potions
 b - a potion of magic
 g - a potion of lignification {unknown}
 h - a potion of haste {unknown}


   Skills:
 - Level 1.7 Dodging
 - Level 1.7 Stealth
 + Level 3.6 Spellcasting
 * Level 6.8 Necromancy


You had 10 spell levels left.
You knew the following spells:

 Your Spells              Type           Power      Damage    Failure   Level
a - Necrotise             Necr           100%       1d9       1%          1

Your spell library contained the following spells:

 Spells                   Type           Power      Damage    Failure   Level
 Sublimation of Blood     Necr           26%        N/A       1%          2
 Vampiric Draining        Necr           26%        2d7       3%          3
 Animate Dead             Necr           26%        N/A       10%         4
 Magic Dart               Conj           12%        1d3       17%         1
 Call Imp                 Summ           6%         N/A       26%         2
 Wereblood                Tmut           3%         N/A       26%         2
 Agony                    Necr           26%        N/A       26%         5
 Mephitic Cloud           Conj/Pois/Air  3%         N/A       45%         3
 Summon Hydra             Summ           1%         N/A       100%        7


Dungeon Overview and Level Annotations

Branches:
Dungeon (3/15)

Altars:
Uskayaw


Innate Abilities, Weirdness & Mutations

You may rarely emit foul miasma when damaged in melee.
You have a small tail.


Message History

The ball python barely misses you. x2; The orc hits you with a +0 mace!
The orc barely misses you. The ball python barely misses you.
The ball python grabs you.
You stop ascending the stairs.
The ball python constricts you.
Aiming: Necrotise (safe; 1% risk of failure)
Press: ? - help, Q - select action Shift-Dir - straight line, f - orc
Aim: an orc, wielding a +0 flail (chance to affect: 93%)
The orc writhes in agony!
You kill the orc!
The orc shouts!
The dead are walking!
The orc closely misses you. The orc barely misses you.
The ball python barely misses you. The ball python constricts you.
Aiming: Necrotise (safe; 1% risk of failure)
Press: ? - help, Q - select action Shift-Dir - straight line, f - orc
Aim: an orc, wielding a +0 flail and wearing a +0 leather armour (chance to affect: 93%)
The orc writhes in agony!
You kill the orc!
The dead are walking!
The orc hits you with a +0 mace.
The orc hits you with a +1 flail of protection!
* * * LOW HITPOINT WARNING * * *
The ball python barely misses you. The ball python constricts you.
* * * LOW HITPOINT WARNING * * *
Unknown command.
You escape the ball python's grasp.
Your orc skeleton hits the ball python.
The orc misses you.
Things that are here:
9 gold pieces; a +0 flail Unknown command.
Your orc skeleton hits the orc but does no damage.
The orc attacks as it pursues you! The orc hits you with a +0 club.
* * * LOW HITPOINT WARNING * * *
The orc hits you but does no damage.
Your orc skeleton barely misses the ball python.
The orc attacks as it pursues you! The orc closely misses you.
Your orc skeleton hits the orc but does no damage.
The orc attacks as it pursues you! The orc hits you with a +0 mace.
* * * LOW HITPOINT WARNING * * *
The orc attacks as it pursues you! The orc barely misses you.
The orc attacks as it pursues you! The orc hits you with a +0 mace.
You die...

.................#####.......#
....>...#....................#
..[.............######.......#
.......#..........###........###+
.........###.#..#..##............
.......#.##..##.##..#............
..................S..............
....#............o.ooZ...........
..............##@####Z...........
..............##.###.............
......)<########...(.Z$..........
........# #........[..<)........
#.......####)..................##
##..................)###########
##.....#####.........# #.......#
########### #.......#


You could see 3 orcs, a ball python and a friendly orc skeleton.

Vanquished Creatures
  Natasha (thrice) (D:3)
  3 adders (D:3)
  3 worms (D:2)
  2 orcs (D:3)
  2 bats (D:2)
  4 endoplasms
  4 giant cockroaches
  2 goblins
  2 hobgoblins (D:1)
  A frilled lizard (D:3)
  2 kobolds
  A rat (D:3)
29 creatures vanquished.

Vanquished Creatures (collateral kills)
  An ogre (D:3)
  An adder (D:3)
  An orc (D:3)
  An endoplasm (D:3)
4 creatures vanquished.

Grand Total: 33 creatures vanquished

Notes
Turn   | Place    | Note
-------+----------+-------------------------------------------
     0 | D:1      | BubbleThief the Demonspawn Necromancer began the quest for
                  | the Orb.
     0 | D:1      | Reached XP level 1. HP: 13/13 MP: 3/3
   357 | D:1      | Gained mutation: You may rarely emit foul miasma when
                  | damaged in melee. [demonic ancestry]
   357 | D:1      | Reached XP level 2. HP: 19/19 MP: 3/5
   638 | D:2      | Found a hide-covered altar of Uskayaw.
   938 | D:3      | Reached skill level 5 in Necromancy
   958 | D:3      | Reached XP level 3. HP: 15/24 MP: 0/6
  1099 | D:3      | Noticed Natasha
  1108 | D:3      | Killed Natasha
  1109 | D:3      | Reached XP level 4. HP: 30/30 MP: 1/8
  1109 | D:3      | Noticed an ogre
  1129 | D:3      | Killed an ogre
  1130 | D:3      | Reached skill level 6 in Necromancy
  1130 | D:3      | Gained mutation: You have a small tail. [demonic ancestry]
  1130 | D:3      | Reached XP level 5. HP: 23/35 MP: 0/9
  1162 | D:3      | Noticed Natasha
  1167 | D:3      | Killed Natasha
  1250 | D:3      | Noticed Natasha
  1258 | D:3      | Killed Natasha
  1704 | D:3      | HP: 1/35 [orc/+0 mace (3)]
  1706 | D:3      | Slain by an orc

Illustrated notes

Levels and vault maps discovered:
D:1:      enne_arrival_octagon_isle, layout_basic
D:2:      layout_rooms, basic_altar
D:3:      layout_rooms, chequers_serial_rivers_room_b, uniq_natasha

Skill      XL: |  1  2  3  4 |
---------------+-------------+-----
Necromancy     | 5 6 |  6.8
Spellcasting   | 3 |  3.6
Dodging        | |  1.7
Stealth        | |  1.7

Action                     |  1- 3 |  4- 6 || total
---------------------------+-------+-------++-------
  Melee: Unarmed           |    14 |     6 ||    20
   Cast: Necrotise         |    44 |    33 ||    77
 Armour: Robe              |    11 |    15 ||    26
  Dodge: Dodged            |    24 |    17 ||    41

Table legend: (Time is in decaauts)
 A = Elapsed time spent in this place.
 B = Non-inter-level travel time spent in this place.
 C = Inter-level travel time spent in this place.
 D = Time resting spent in this place.
 E = Time spent auto-exploring this place.
 F = Levels seen in this place.
 G = Mean time per level.
                   A        B        C        D        E       F      G
               +--------+--------+--------+--------+--------+-----+--------+
         Total |   1707 |   1595 |    112 |     11 |   1280 |   3 |  569.0 |
       Dungeon |   1707 |   1595 |    112 |     11 |   1280 |   3 |  569.0 |
               +--------+--------+--------+--------+--------+-----+--------+

Top non-repeatable levels by time:
     D:2: 707 daAuts
     D:1: 655 daAuts
     D:3: 345 daAuts
